Get step-by-step instructions on how to execute this build order below. Start the game timer, and the build order will tick by so you can play in parallel with StarCraft on a second screen or mobile device.

Game Time

  0:00

Last Step

  N/A

Next Step

Upcoming Step



Don't want to look back and forth between 2 screens? Try out our Overwolf App, the Spawning Tool Build Advisor to get an in-game overlay with this build!

Complete Build Order

  12  0:00  SCV  
  13  0:12  SCV  
  14  0:21  Supply Depot  
  14  0:24  SCV  
  15  0:38  Refinery  
  15  0:43  SCV  
  15  0:46  Barracks  
  16  0:55  SCV  
  17  1:07  SCV  
  18  1:19  SCV  
  19  1:33  Reaper  
  19  1:34  Orbital Command  
  20  1:48  Command Center  
  20  1:56  Refinery  
  20  2:03  Supply Depot  
  20  2:05  Marine  
  21  2:15  SCV  
  22  2:23  Marine  
  22  2:27  Factory, SCV  
  23  2:39  SCV  
  23  2:41  Barracks Tech Lab  
  24  2:51  SCV  
  25  2:59  Orbital Command  
  25  3:03  SCV  
  26  3:06  Marauder  
  26  3:11  Cyclone  
  30  3:16  SCV, Starport  
  29  3:27  Marauder  
  29  3:28  SCV  
  32  3:40  SCV x2  
  32  3:51  Cyclone  
  32  3:52  Barracks Tech Lab, SCV x2  
  36  3:56  Viking  
  36  3:58  Fusion Core  
  38  4:04  SCV x2  
  38  4:09  Supply Depot  
  40  4:11  Marine  
  40  4:16  SCV  
  42  4:19  Refinery x2  
  42  4:21  SCV  
  43  4:24  Engineering Bay  
  43  4:38  Starport Tech Lab  
  43  4:44  Siege Tank  
  46  4:49  SCV x2  
  47  5:01  SCV  
  47  5:02  SCV  
  49  5:08  Command Center  
  49  5:10  Supply Depot  
  49  5:13  SCV  
  48  5:16  Siege Tank  
  51  5:28  Missile Turret, SCV x2  
  53  5:31  Battlecruiser  
  53  5:32  Missile Turret  
  59  5:37  Weapon Refit  
  59  5:54  SCV x2  
  59  5:56  Refinery  
  61  6:06  SCV  
  62  6:13  Supply Depot  
  62  6:14  Armory  
  62  6:16  Armory  
  62  6:19  SCV x2  
  62  6:20  Widow Mine  
  62  6:25  Missile Turret  
  66  6:31  SCV x2  
  66  6:32  Missile Turret  
  68  6:40  Battlecruiser  
  68  6:43  SCV x2  
  76  6:48  Starport  
  76  6:49  Starport  
  76  6:50  Starport  
  76  6:53  Orbital Command  
  76  6:56  SCV, Refinery  
  76  6:59  Widow Mine  
  77  7:09  SCV x2  
  79  7:21  SCV x2  
  81  7:24  Terran Ship Weapons Level 1  
  81  7:26  Starport Tech Lab  
  81  7:28  Missile Turret  
  81  7:30  Missile Turret  
  81  7:38  SCV x3  
  81  7:40  Starport Tech Lab x2  
  84  7:48  Terran Vehicle And Ship Armor Level 1  
  84  7:50  SCV  
  85  7:59  Command Center  
  85  8:20  Supply Depot  
  85  8:25  Supply Depot  
  85  8:37  Battlecruiser  
  85  8:38  Widow Mine  
  85  8:40  Command Center x2  
  93  8:41  Supply Depot  
  93  8:42  Battlecruiser  
  93  8:46  Hurricane Engines  
  93  8:47  Battlecruiser  
  105  8:58  Missile Turret  
  105  8:59  Missile Turret  
  105  9:00  Siege Tank  
  108  9:07  Hi-Sec Auto Tracking  
  108  9:10  Battlecruiser  
  114  9:18  Factory  
  114  9:20  Factory  
  114  9:37  Refinery  
  114  9:40  Missile Turret x2, Refinery  
  114  9:41  Missile Turret  
  114  9:42  Missile Turret, Battlecruiser  
  120  9:47  Battlecruiser  
  124  9:53  Orbital Command  
  124  9:54  Orbital Command  
  124  9:58  Planetary Fortress  
  124  10:04  Factory Reactor x2  
  124  10:05  Cyclone  
  126  10:12  Missile Turret  
  126  10:21  Missile Turret  
  126  10:25  Missile Turret  
  126  10:31  Terran Ship Weapons Level 2, Terran Vehicle And Ship Armor Level 2  
  126  10:53  Battlecruiser x2  
  126  10:54  Cyclone  
  126  10:55  Cyclone x2  
  138  11:02  Siege Tank, Missile Turret  
  143  11:04  Cyclone  
  143  11:15  Command Center  
  143  11:16  Supply Depot  
  143  11:17  Neosteel Armor  
  143  11:28  Command Center  
  143  11:29  Cyclone x2  
  143  11:31  Cyclone  
  147  11:56  Cyclone  
  147  11:57  Siege Tank  
  147  11:58  Battlecruiser  
  158  12:29  Siege Tank  
  161  12:32  Battlecruiser x3  
  161  12:33  Cyclone x2  
  181  12:47  Command Center, Supply Depot  
  181  12:58  Cyclone x2  
  178  13:49  Cyclone x3  
  178  13:50  Cyclone  
  186  13:57  Refinery  
  186  13:59  Missile Turret, Refinery  
  186  14:00  Missile Turret